 Dungeon Crawl Stone Soup version 0.28-a0-1624-g820543e53a (webtiles) character file.

Game seed: 9792612921533624881

142 Minsecho the Skirmisher (level 5, 0/44 HPs)
             Began as a Palentonga Fighter on Jan 24, 2022.
             Slain by a gnoll (7 damage)
             ... on level 2 of the Dungeon.
             The game lasted 00:04:05 (1925 turns).

Minsecho the Skirmisher (Palentonga Fighter)        Turns: 1925, Time: 00:04:05

Health: 0/44       AC:  6    Str: 19    XL:     5   Next: 3%
Magic:  0/5        EV:  7    Int:  9    God:
Gold:   89         SH:  4    Dex: 11    Spells: 4/4 levels left

rFire   . . .      SeeInvis +   a - +0 long sword
rCold   . . .      Faith    .   c - +0 buckler
rNeg    . . .      Spirit   +   b - +0 scale mail
rPois   .          Reflect  .   (no helmet)
rElec   .          Harm     .   (no cloak)
rCorr   +          Rampage  .   (no gloves)
Will    .....                   (no barding)
Stlth   ..........              f - amulet of guardian spirit
HPRegen 0.14/turn               m - ring of resist corrosion
MPRegen 0.09/turn               (no ring)

@: no status effects
A: large, rugged brown scales 3, see invisible, deformed body, roll 1, armoured
tail
a: Rolling Charge


You were on level 2 of the Dungeon.
You visited 1 branch of the dungeon, and saw 2 of its levels.

You collected 89 gold pieces.

Inventory:

Hand Weapons
 a - a +0 long sword (weapon)
Armour
 b - a +0 scale mail (worn)
 c - a +0 buckler (worn)
Jewellery
 f - an amulet of guardian spirit (around neck)
 m - a ring of resist corrosion (left hand)
Scrolls
 i - a scroll of fog {unknown}
 j - a scroll of enchant armour {unknown}
 k - 2 scrolls of teleportation {unknown}
 l - a scroll of silence {unknown}
Potions
 d - a potion of might
 e - a potion of flight
 h - a potion of curing {unknown}


   Skills:
 + Level 3.7 Fighting
 + Level 3.5 Long Blades
 + Level 3.1 Armour
 + Level 0.5 Dodging
 + Level 2.8 Shields


You had 4 spell levels left.
You didn't know any spells.
Your spell library contained the following spells:

 Spells                   Type           Power      Damage    Failure   Level
 Magic Dart               Conj           0%         1d3       83%         1
 Searing Ray              Conj           0%         2d4       92%         2
 Fulminant Prism          Conj/Hex       0%         3d6       100%        4


Dungeon Overview and Level Annotations

Branches:
Dungeon (2/15)

Altars:

Shops:
D:2 *


Innate Abilities, Weirdness & Mutations

You are completely covered in rugged brown scales. (AC +3, +7% HP)
You have supernaturally acute eyesight. (SInv)
Armour fits poorly on your strangely shaped body.
You can roll at nearby foes to attack.
You have a long armoured tail.


Message History

Natasha claws you. x2
You closely miss Natasha. You tail-slap Natasha.
Natasha is severely wounded.
The crimson imp disappears in a puff of smoke!
Natasha barely misses you.
You closely miss Natasha.
Natasha is severely wounded.
Natasha howls an incantation.
You feel disoriented. Natasha claws you.
* * * LOW HITPOINT WARNING * * *
The iron imp laughs crazily.
You slash Natasha!
You kill Natasha!
You feel Natasha's spirit has finally been put to rest.
The iron imp disappears in a puff of smoke!
You have reached level 5!
You miss the frilled lizard. The frilled lizard barely misses you.
You closely miss the frilled lizard. The frilled lizard barely misses you.
You barely miss the frilled lizard. You tail-slap the frilled lizard.
You kill the frilled lizard!
The gnoll barely misses you.
You barely miss the gnoll.
Your tail-slap misses the gnoll.
You block the gnoll's attack.
You slash the gnoll!
The gnoll is severely wounded.
The gnoll barely misses you.
You barely miss the gnoll.
The gnoll is severely wounded.
You block the gnoll's attack.
You closely miss the gnoll.
The gnoll is severely wounded.
The gnoll hits you with a +0 flail!
* * * LOW HITPOINT WARNING * * *
The gnoll closely misses you.
You hit the gnoll but do no damage.
You tail-slap the gnoll, but do no damage.
The gnoll is severely wounded.
The gnoll hits you with a +0 flail!
You die...

#.....⌠..... #.#
........... #.#
..⌠...⌠..# #.#
##.......## ###
#?.)....... ##.
#.†.# ##.8 ##.##
##.8. #g# ##.8.#
#@# ##.8.## #.#
##.8.##. #.#
##.8.##.8
#.####.###.8†##.8.
##......##.8.##.8.#
#......##.8.##.8.##
#.########.8.##.8..
#.# ##.8.##.8. #.#
##.8.##.8


You could see a gnoll.

Vanquished Creatures
  Natasha (thrice) (D:2)
  2 gnolls (D:2)
  A worm (D:2)
  3 dart slugs
  An endoplasm (D:2)
  3 giant cockroaches
  5 goblins
  2 hobgoblins
  2 jackals (D:1)
  7 kobolds
  A quokka (D:2)
  3 ball pythons
  3 bats
  6 frilled lizards
  4 rats
46 creatures vanquished.

Notes
Turn   | Place    | Note
-------+----------+-------------------------------------------
     0 | D:1      | Minsecho the Palentonga Fighter began the quest for the
                  | Orb.
     0 | D:1      | Reached XP level 1. HP: 19/19 MP: 1/1
   153 | D:1      | Reached XP level 2. HP: 12/25 MP: 2/2
   944 | D:2      | Found a faded altar of an unknown god.
   958 | D:2      | Found Tuarouh's General Store.
   974 | D:2      | Noticed Natasha
   978 | D:2      | Killed Natasha
   979 | D:2      | Reached XP level 3. HP: 19/31 MP: 1/3
  1339 | D:2      | Noticed Natasha
  1348 | D:2      | Killed Natasha
  1349 | D:2      | Reached XP level 4. HP: 10/37 MP: 1/4
  1893 | D:2      | Noticed Natasha
  1917 | D:2      | Killed Natasha
  1918 | D:2      | Reached XP level 5. HP: 12/44 MP: 2/5
  1925 | D:2      | Slain by a gnoll

Illustrated notes

Levels and vault maps discovered:
D:1:      dpeg_arrival_rooms_a, layout_basic
D:2:      minmay_inner_zag, layout_loops_ring, basic_ecumenical_altar,
          serial_shops, nicolae_shop_trees, serial_rivers,
          chequers_serial_rivers_micro_a, chequers_serial_rivers_micro_b,
          chequers_serial_rivers_micro_a, chequers_serial_rivers_micro_d,
          chequers_serial_rivers_micro_e, grunt_ministairs_10, uniq_natasha

Skill      XL: |  1  2  3  4 |
---------------+-------------+-----
Long Blades    | 3 |  3.5
Armour         | 3 |  3.1
Fighting       | |  3.7
Dodging        | |  0.5
Shields        | |  2.8

Action                   |  1- 3 |  4- 6 || total
-------------------------+-------+-------++-------
Melee: Long sword        |    87 |    38 ||   125
       Tailslap          |     8 |     3 ||    11
  Use: Scroll            |       |     1 ||     1
Armor: Scale mail        |    38 |    11 ||    49
Dodge: Dodged            |    27 |    17 ||    44
Block: Buckler           |    21 |     6 ||    27

Table legend: (Time is in decaauts)
 A = Elapsed time spent in this place.
 B = Non-inter-level travel time spent in this place.
 C = Inter-level travel time spent in this place.
 D = Time resting spent in this place.
 E = Time spent auto-exploring this place.
 F = Levels seen in this place.
 G = Mean time per level.
                   A        B        C        D        E       F      G
               +--------+--------+--------+--------+--------+-----+--------+
         Total |   1968 |   1938 |     30 |    588 |   1002 |   2 |  984.0 |
       Dungeon |   1968 |   1938 |     30 |    588 |   1002 |   2 |  984.0 |
               +--------+--------+--------+--------+--------+-----+--------+

Top non-repeatable levels by time:
     D:2: 1004 daAuts
     D:1: 964 daAuts
